 Dungeon Crawl Stone Soup version 0.19.1-1-g22dce08 (webtiles) character file.

35 Gargoyl the Skirmisher (level 3, -5/31 HPs)
             Began as a Ghoul Abyssal Knight on Jan 9, 2017.
             Was a Follower of Lugonu.
             Slain by Crazy Yiuf
             ... wielding a +4 quarterstaff of chaos
              (15 damage)
             ... on level 2 of the Dungeon.
             The game lasted 00:02:26 (1111 turns).

Gargoyl the Skirmisher (Ghoul Abyssal Knight)       Turns: 1111, Time: 00:02:27

Health: -5/31      AC:  5    Str: 15    XL:     3   Next: 33%
Magic:  0/3        EV:  9    Int:  7    God:    Lugonu [*.....]
Gold:   124        SH:  2    Dex:  9    Spells: 0 memorised, 2 levels left

rFire  . . .     SeeInvis .     a - +1 hand axe
rCold  + . .     Gourm    .     k - +0 ring mail
rNeg   + + +     Faith    .     e - +0 buckler
rPois  ∞         Spirit   .     h - +0 hat
rElec  .         Reflect  .     (no cloak)
rCorr  .         Harm     .     (no gloves)
MR     .....                    (no boots)
Stlth  ..........               (no amulet)
                                (no ring)
                                (no ring)

@: rotting
A: rotting body, claws 1, carnivore 3, cold resistance 1, negative energy
resistance 3, slow regeneration 1, torment resistance, unbreathing
a: Depart the Abyss, Renounce Religion


You were on level 2 of the Dungeon.
You worshipped Lugonu.
Lugonu was aware of your devotion.
You were not hungry.

You visited 1 branch of the dungeon, and saw 2 of its levels.
You visited the Abyss 1 time.

You collected 124 gold pieces.

Inventory:

Hand Weapons
 a - a +1 hand axe (weapon)
Armour
 e - a +0 buckler (worn)
 h - a +0 hat (worn)
 k - a +0 ring mail (worn)
Scrolls
 b - 2 scrolls of fear {unknown}
 d - 2 scrolls of enchant weapon {unknown}
 g - a scroll of teleportation {unknown}
 i - 2 scrolls of remove curse {unknown}
 n - a scroll of enchant armour {unknown}
 p - a scroll of identify {unknown}
Potions
 o - a potion of cancellation {unknown}
Comestibles
 c - 3 meat rations
 f - a royal jelly
 l - a beef jerky
 m - 3 chunks of flesh


   Skills:
 + Level 3.5 Fighting
 + Level 2.4 Axes
 * Level 2.5 Armour
 + Level 1.0 Dodging
 * Level 2.0 Invocations


You had 2 spell levels left.
You didn't know any spells.

Dungeon Overview and Level Annotations

Branches:
Dungeon (2/15)

Altars:

Annotations:
D:2 Crazy Yiuf


Innate Abilities, Weirdness & Mutations

Your body is rotting away.
You thrive on raw meat.
You are immune to poison.
You have sharp fingernails.
You are carnivorous and can eat meat at any time.
Your flesh is cold resistant. (rC+)
You are immune to negative energy. (rN+++)
You regenerate slowly when monsters are visible.
You are immune to unholy pain and torment.
You can survive without breathing.


Message History

Crazy Yiuf hits you with a quarterstaff of chaos!
Crazy Yiuf says, "I'm not crazy!"
Crazy Yiuf closely misses you.
You hit Crazy Yiuf.
Crazy Yiuf is lightly wounded.
You block Crazy Yiuf's attack.
You hit Crazy Yiuf.
Crazy Yiuf is lightly wounded.
Crazy Yiuf hits you with a quarterstaff of chaos!
You feel your power leaking away.
You hit Crazy Yiuf but do no damage.
Crazy Yiuf is lightly wounded.
Crazy Yiuf hits you with a quarterstaff of chaos!
* * * LOW HITPOINT WARNING * * *
Crazy Yiuf burns you.
* * * LOW HITPOINT WARNING * * *
It was a potion of curing.
You feel better.
Crazy Yiuf hits you with a quarterstaff of chaos.
You are electrocuted!
You die...

#.###.#....#
#+..+#
##..#.#.####
♣..♣P♣
#.#.#<#....#
♣.PP♣♣
..#...#.##.#
♣♣.♣♣
.)#.#.#.##.#
♣.♣♣
......#.##.#
♣♣.♣
...........#
♣.♣♣
....###....#
♣♣.♣ #.###
#.#### #@#
### #..
#.g.# # ####
#...# #
#..)# #
#####


You could see Crazy Yiuf.

Vanquished Creatures
  2 dart slugs
  A leopard gecko (D:1)
  3 goblins (D:1)
  A hobgoblin (D:1)
  4 jackals (D:2)
  2 kobolds (D:1)
  9 bats
  A frilled lizard (D:1)
  4 rats
  2 fungi (D:2)
29 creatures vanquished.

Notes
Turn   | Place    | Note
-------+----------+-------------------------------------------
     0 | Abyss:1  | Gargoyl the Ghoul Abyssal Knight began the quest for the Orb.
     0 | Abyss:1  | Reached XP level 1. HP: 19/19 MP: 1/1
    75 | Abyss:1  | Noticed an ancient zyme
    93 | Abyss:1  | Noticed a frost giant skeleton
    94 | Abyss:1  | Noticed an ancient zyme
   118 | Abyss:2  | Noticed a smoke demon
   140 | D:1      | Escaped the Abyss
   182 | D:1      | Reached skill level 1 in Dodging
   235 | D:1      | Reached XP level 2. HP: 23/26 MP: 2/2
   417 | D:1      | Reached * piety under Lugonu
   879 | D:2      | Reached XP level 3. HP: 25/30 MP: 3/3
  1101 | D:2      | Found a runed door.
  1105 | D:2      | Noticed Crazy Yiuf
  1110 | D:2      | HP: 1/31 [Crazy Yiuf/quarterstaff of chaos (3)]
  1111 | D:2      | Slain by Crazy Yiuf

Skill      XL: |  1 |
---------------+----+-----
Dodging        | 1 |  1.0
Axes           | 2 |  2.4
Armour         | 2 |  2.5
Fighting       | |  3.5
Invocations    | |  2.0

Action                   || total
-------------------------++-------
Melee: Hand axe          ||   106
Invok: Depart the Abyss  ||     1
  Use: Potion            ||     1
  Eat: Chunk             ||    12
Armor: Leather armour    ||    12
       Ring mail         ||    37
Dodge: Dodged            ||    61
Block: Buckler           ||     6
